AoeStats
← 乂sphoun乂

Arena

506579580Analyzed
3v3 RM · 17d ago on Sep 14, 2026· 48m 13s· 6 players
Game mode
Random Map
Map size
Normal (6 player)
Population
200
Speed
Normal
Resources
Standard
Victory
Conquest
Starting age
Dark Age
Ending age
Imperial Age
RankedLock teamsTeams togetherTeam positionsShared explorationLock speedFull tech treeHidden civsTurbo modeCheats
Victory
Defeat
🇦🇷 Byzantines · Argentina
1063
+17
🇦🇷 Britons · Argentina
1058
+17
🇦🇷 Khmer · Argentina
970
+21
🇦🇷 Persians · Argentina
1098
-19
🇺🇸 Celts · United States
1084
-18
🇲🇽 Bengalis · Mexico
1077
-18
CONE
1:30 Loom
13:00 Feudal Age
13:34 Stone Mining
14:03 Horse Collar
15:31 Loom
18:14 Castle Age
16:44 Double-Bit Axe
18:14 Gold Mining
18:32 Pikeman
20:44 Wheelbarrow
22:40 Scale Barding Armor
23:38 Fletching
27:05 Padded Archer Armor
29:36 Gold Shaft Mining
33:10 Imperial Age
35:37 Bodkin Arrow
35:57 Leather Archer Armor
36:18 Elite Skirmisher
37:12 Bracer
38:42 Bow Saw
39:12 Hand Cart
40:41 Ballistics
41:22 Chemistry
40:51 Light Cavalry
41:41 Bloodlines
41:56 Heavy Plow
45:23 Forging
46:07 Treadmill Crane
jussilliman
2:35 Loom
10:01 Feudal Age
19:04 Castle Age
18:26 Forging
18:17 Scale Mail Armor
18:06 Arson
18:53 Double-Bit Axe
18:54 Horse Collar
19:11 Pikeman
33:22 Imperial Age
33:07 Heavy Plow
33:29 Capped Ram
35:46 Chain Mail Armor
36:08 Iron Casting
35:23 Halberdier
37:18 Siege Ram
42:23 Elite Woad Raider
45:17 Blast Furnace
44:48 Plate Mail Armor
tony halcon
10:37 Feudal Age
14:33 Castle Age
13:00 Double-Bit Axe
13:13 Horse Collar
15:27 Bow Saw
21:05 Wheelbarrow
22:35 Hand Cart
23:35 Town Watch
23:47 Gold Mining
23:51 Stone Mining
25:43 Fletching
25:54 Padded Archer Armor
25:55 Loom
26:00 Crossbowman
26:45 Thumb Ring
29:34 Imperial Age
29:27 Heavy Plow
29:52 Bodkin Arrow
30:12 Leather Archer Armor
30:30 Ballistics
30:22 Masonry
31:16 Chemistry
30:53 Kamandaran
31:24 Conscription
32:16 Ring Archer Armor
32:24 Ballistics
32:58 Murder Holes
33:14 Masonry
33:43 Hoardings
34:42 Citadels
35:51 Cavalier
36:42 Bloodlines
36:33 Husbandry
37:28 Scale Barding Armor
37:34 Forging
37:17 Savar
38:48 Chain Barding Armor
40:39 Plate Barding Armor
40:40 Iron Casting
42:08 Light Cavalry
45:20 Hussar
46:49 Heavy Camel Rider
Z0RAK
9:25 Feudal Age
9:17 Loom
9:55 Double-Bit Axe
17:26 Castle Age
16:02 Horse Collar
16:14 Stone Mining
17:21 Gold Mining
28:34 Imperial Age
27:59 Padded Archer Armor
27:50 Fletching
28:10 Forging
28:24 Bow Saw
28:16 Heavy Plow
28:22 Pikeman
29:02 Squires
28:47 Gambesons
28:48 Arson
28:26 Elite Skirmisher
29:23 Leather Archer Armor
29:45 Conscription
30:24 Ballistics
31:50 Chemistry
32:39 Ring Archer Armor
32:11 Scale Mail Armor
32:49 Bodkin Arrow
33:29 Iron Casting
34:18 Chain Mail Armor
37:55 Bracer
38:27 Plate Mail Armor
39:08 Halberdier
47:34 Scale Barding Armor
47:12 Heavy Camel Rider
47:53 Husbandry
Morta
9:21 Feudal Age
10:14 Double-Bit Axe
15:03 Wheelbarrow
17:53 Castle Age
16:52 Horse Collar
24:04 Loom
24:47 Gold Mining
25:10 Bow Saw
25:11 Heavy Plow
31:35 Imperial Age
29:35 Fletching
30:27 Yeomen
30:13 Bodkin Arrow
29:41 Crossbowman
31:05 Ballistics
31:52 Arbalester
33:11 Hand Cart
34:02 Two-Man Saw
35:24 Chemistry
35:27 Bracer
35:29 Padded Archer Armor
37:27 Conscription
37:36 Capped Ram
37:40 Onager
41:00 Forging
40:56 Scale Barding Armor
41:05 Cavalier
41:45 Husbandry
47:24 Chain Barding Armor
47:40 Iron Casting
乂sphoun乂
10:54 Feudal Age
16:21 Castle Age
15:57 Loom
16:07 Double-Bit Axe
18:21 Horse Collar
20:34 Stone Mining
25:48 Heavy Plow
26:00 Bow Saw
26:40 Gold Mining
31:58 Imperial Age
30:23 Tusk Swords
33:13 Conscription
32:58 Double Crossbow
32:31 Elite Ballista Elephant
32:58 Light Cavalry
33:49 Bloodlines
34:07 Forging
36:15 Chemistry
38:37 Hussar
39:24 Scale Mail Armor
Connection lost

Rejoining the realm…

Still unreachable

The connection could not be restored.

Session expired

The server has moved on; the page needs a fresh start.